Description

Serral defends all attacks then pushes it with a greater economy and wins.

VOD

https://youtu.be/S_XieJvAfRo

Replay - HeroMarine v Serral: Game 2 - Acid Plant LE

Build Order

Get SALT Encoding   

  13  0:12  Overlord  
  16  0:48  Hatchery  
  17  1:08  Spawning Pool  
  16  1:12  Extractor  Get 16 drones on minerals, then rally next 3 to gas
  19  1:38  Overlord  @19 Set main drone rally point to natural
  20  1:55  Queen x2  
  20  2:01  Zergling x4  @2:13 Pull 2 drones off gas as metabolic starts
  26  2:13  Metabolic Boost  @2:13 Pull 2 drones off gas as metabolic starts
  31  2:39  Queen  
  34  2:46  Overlord  @3:15 2 Put drones back on gas
  35  2:57  Hatchery  @3:15 2 Put drones back on gas
  36  3:08  Overlord  @3:15 2 Put drones back on gas
  39  3:17  Queen  @3:15 2 Put drones back on gas
  41  3:20  Overlord  
  46  3:38  Overlord  
  50  3:50  Zergling x6  
  50  3:53  Queen  
  56  4:02  Overlord  
  62  4:13  Queen  
  64  4:18  Zergling x2, Spore Crawler  
  64  4:20  Overlord  
  65  4:27  Lair  
  65  4:28  Zergling x4  
  71  4:39  Evolution Chamber x2  
  71  4:45  Zergling x4  
  73  4:48  Extractor x2  
  74  4:53  Roach Warren  
  78  5:01  Overlord  
  81  5:09  Zerg Missile Weapons Level 1  
  82  5:19  Overlord  
  90  5:29  Extractor x3  
  90  5:35  Glial Reconstitution  
  88  5:37  Overlord x2  
  88  5:39  Hatchery  
  90  5:51  Zergling x8  
  94  6:00  Overlord  
  94  6:01  Zerg Ground Armor Level 1  
  94  6:03  Zergling x4  
  94  6:12  Roach x9  
  112  6:18  Roach x5  
  122  6:26  Overlord  
  122  6:32  Overlord x3  
  122  6:41  Overlord x2  
  121  6:50  Roach x11  
  137  7:00  Overseer x2  
  136  7:02  Roach x4  
  144  7:08  Roach x8  
  160  7:17  Overlord x4  
  160  7:25  Ravager x9  
  160  7:27  Roach x2  
  171  7:38  Roach x7  
  185  7:44  Roach x4  
  185  7:51  Roach x4  
  180  8:00  Roach x6  
  184  8:06  Roach x5  
Spawning Tool Build Advisor. Get it on Overwolf

Go to:

Details

  • Created by: awells111
  • Published on: Jul 15, 2018
  • Modified on: Jul 15, 2018
  • Patch: 4.0.0
Show
View Real Time Build Order
Export as new Build Order

Comments (0)

There are no comments. Be the first!

Create an account to comment!